 Dungeon Crawl Stone Soup version 0.24-a0-7-g1bb0902669 (webtiles) character file.

105196 dududu the Covert (level 16, 88/88 HPs)
             Began as a Vine Stalker Fighter on Jan 29, 2019.
             Was a Follower of Uskayaw.
             Got out of the dungeon alive.
             The game lasted 01:38:16 (25357 turns).

dududu the Covert (Vine Stalker Fighter)           Turns: 25357, Time: 01:38:17

Health: 88/88      AC: 20    Str: 25    XL:     16   Next: 40%
Magic:  26/26      EV:  8    Int: 10    God:    Uskayaw [*.....]
Gold:   256        SH: 26    Dex: 15    Spells: 15/15 levels left

rFire    + . .     SeeInvis +   a - +9 quick blade (elec)
rCold    . . .     Gourm    .   W - +3 large shield of Defence {rElec rF+ Int+2}
rNeg     . . .     Faith    .   T - quicksilver dragon scales
rPois    .         Spirit   +   P - +1 helmet
rElec    +         Reflect  +   (no cloak)
rCorr    .         Harm     .   D - +1 pair of gloves
MR       +++..                  E - +1 pair of boots
Stlth    ++++++....             c - +4 amulet of reflection
HPRegen  1.04/turn              i - ring of see invisible
MPRegen  0.20/turn              K - ring of stealth

@: no status effects
A: fangs 3, regeneration 2, magic shield, antimagic bite, no potion heal 3, rot
immunity
a: Stomp, Renounce Religion


You escaped.
You worshipped Uskayaw.
Uskayaw was pleased with you.
You were very hungry.

You visited 4 branches of the dungeon, and saw 24 of its levels.

You collected 2340 gold pieces.
You spent 2084 gold pieces at shops.

Inventory:

Hand Weapons
 a - a +9 quick blade of electrocution (weapon)
 b - the +1 hunting sling of the Trees {flame, Str+7}
   (You took it off a spriggan on level 1 of the Lair of Beasts)

   It causes projectiles fired from it to burn those they strike, causing extra
   injury to most foes and up to half again as much damage against particularly
   susceptible opponents.
   It affects your strength (+7).
 A - a +0 blowgun
Missiles
 j - a throwing net (quivered)
 o - 86 poisoned needles
 u - 118 sling bullets
Armour
 D - a +1 pair of gloves (worn)
 E - a +1 pair of boots (worn)
 P - a +1 helmet (worn)
 T - quicksilver dragon scales (worn)
 U - a +4 plate armour of fire resistance
 W - the +3 large shield of Defence (worn) {rElec rF+ Int+2}
   (You bought it in a shop on level 2 of the Orcish Mines)

   It affects your intelligence (+2).
   It protects you from fire.
   It insulates you from electricity.
Jewellery
 c - a +4 amulet of reflection (around neck)
 f - an uncursed ring of fire
 i - a ring of see invisible (left hand)
 n - an uncursed ring of positive energy
 K - a ring of stealth (right hand)
 Q - an uncursed amulet of regeneration
Wands
 m - a wand of paralysis (4)
 v - a wand of digging (13)
 y - a wand of flame (51)
 F - a wand of iceblast (13)
Scrolls
 k - 7 scrolls of fog
 r - 2 scrolls of identify
 t - 8 scrolls of teleportation
 w - 14 scrolls of remove curse
 z - 3 scrolls of blinking
 B - 3 scrolls of fear
 H - 2 scrolls of immolation
 L - 3 scrolls of magic mapping
 S - 5 scrolls of enchant armour
Potions
 g - 2 potions of magic
 h - 6 potions of haste
 l - 7 potions of lignification
 q - 9 potions of curing
 s - 3 potions of agility
 x - 5 potions of flight
 C - a potion of invisibility
 G - 4 potions of berserk rage
 I - a potion of ambrosia
 N - a potion of cancellation
 O - 6 potions of mutation
Miscellaneous
 d - a lightning rod (4/4)
 J - a phantom mirror
Comestibles
 e - 43 rations


   Skills:
 + Level 11.7 Fighting
 - Level 10.1 Short Blades
 + Level 10.6 Armour
 + Level 14.0 Stealth
 + Level 11.7 Shields
 + Level 12.7 Invocations


You had 15 spell levels left.
You didn't know any spells.
Your spell library contained the following spells:

 Spells                   Type           Power        Failure   Level  Hunger
 Beastly Appendage        Tmut           #.....       96%         1    ##.....
 Flame Tongue             Conj/Fire      #....        96%         1    ##.....
 Throw Flame              Conj/Fire      #.....       99%         2    ###....
 Conjure Flame            Conj/Fire      #.......     100%        3    ####...
 Ignite Poison            Fire/Tmut/Pois #.......     100%        3    ####...
 Inner Flame              Hex/Fire       #.......     100%        3    ####...
 Static Discharge         Conj/Air       #.......     100%        3    ####...
 Force Lance              Conj/Tloc      #.......     100%        4    #####..
 Sticky Flame             Conj/Fire      #.......     100%        4    #####..
 Bolt of Magma            Conj/Fire/Erth #.........   100%        5    ######.
 Fireball                 Conj/Fire      #.........   100%        5    ######.
 Iskenderun's Battlesphe  Conj/Chrm      #.......     100%        5    ######.
 Lightning Bolt           Conj/Air       #.........   100%        5    ######.
 Summon Forest            Summ/Tloc      #.........   100%        5    ######.
 Venom Bolt               Conj/Pois      #.........   100%        5    ######.
 Iron Shot                Conj/Erth      #.........   100%        6    #######
 Dragon Form              Tmut           #.........   100%        7    #######
 Orb of Destruction       Conj           #.........   100%        7    #######
 Spellforged Servitor     Conj/Summ      #.........   100%        7    #######
 Ignition                 Fire           #.........   100%        8    #######
 Shatter                  Erth           #.........   100%        9    #######
 Tornado                  Air            #.........   100%        9    #######


Dungeon Overview and Level Annotations

Branches:
Dungeon (15/15)            Temple (1/1) D:7            Lair (6/6) D:8
 Shoals (0/4) Lair:3       Spider (0/4) Lair:4        Slime (0/5) Lair:6
    Orc (2/2) D:11            Elf (0/3) Orc:2        Vaults (0/5) D:14
 Depths (0/5) D:15

Altars:
Ashenzari
Cheibriados
Dithmenos
Fedhas
Hepliaklqana
Kikubaaqudgha
Makhleb
Nemelex Xobeh
Okawaru
Qazlal
Ru
Sif Muna
Trog
Uskayaw
Xom
Yredelemnul
Zin
The Shining One
Beogh

Shops:
D:6 [   D:8 %   D:11 ?   D:12 (   Orc:2 [(!}

Annotations:
D:11 2 transporters
D:15 1 runed translucent door, Edif's ghost, adept DrFE


Innate Abilities, Weirdness & Mutations

You have razor-sharp teeth.
You heal very quickly.
When hurt, damage is shared between your health and your magic reserves.
Your bite disrupts and absorbs the magic of your enemies.
Potions cannot restore your health.
You are immune to rotting.


Message History

You impale Natasha!!
You kill Natasha!
You feel Natasha's spirit has finally been put to rest.
No target in view!
g - 2 potions of magic (gained 1)
You see here the felid corpse of Natasha.
(D) Dungeon (T) Temple (L) Lair (A) Shoals (N) Spider Nest (M) Slime Pits (O) Orcish Mines (E) Elven Halls (V) Vaults (U) Depths
Where to? (Enter - D:1 @ (x,y), ? - help)
There is an open door, spattered with blood here.
You see here a +0 club.
Items here: )))) a +0 club x2; a +0 dagger; a cursed -1 club You are feeling very hungry.
There is an escape hatch in the ceiling, spattered with blood here.
A mysterious force pulls you upwards. The hatch slams shut behind you.
There is a staircase leading out of the dungeon here.
Are you sure you want to leave the Dungeon?
This will make you lose the game!
You have escaped!

#.## #..#..#.#.# #.#
#..####### ##.#.....รท.# #.#
##.##....###..#...#...# #.#
#....##......####..#.# #.#
#...####...........#.######.#
#..##.##...........#........#
#...##.....##.###............
#.........#)....##.....#....#
#........##.@.....#....#....#
#.........#.....##.....#....#
#...##.....##.###............
#..##.##...........######.##.
#...####...........## #....
#....##).....####...########.
#......[.....#...#.....### #.
#............#.....#.#...# #.
###########...#..#.#.###.###.


There were no monsters in sight!

Vanquished Creatures
  Rupert (Lair:3)
  Kirke (D:14)
  Donald (Orc:2)
  An orc warlord (Orc:1)
  Azrael (D:13)
  A dire elephant (D:15)
  Josephine (D:14)
  An ettin (D:15)
  4 vault guards (D:14)
  5 hydras
  Erica (D:10)
  6 centaur warriors
  A catoblepas (Lair:5)
  3 ogre magi
  7 two-headed ogres
  6 death yaks (Lair:6)
  3 orc high priests
  A tengu warrior (D:10)
  A deep elf knight (D:15)
  A skeletal warrior (D:14)
  5 unseen horrors
  A wolf spider (Lair:4)
  2 orc knights
  2 wolf spider zombies
  8 ugly things
  2 manticores
  4 orc sorcerers
  3 deep elf magi
  10 elephants
  A cyclops (D:13)
  10 spiny frogs
  A torpor snail (Lair:6)
  A gargoyle (D:12)
  A freezing wraith (D:15)
  A kobold demonologist (D:14)
  3 komodo dragons (Lair:6)
  4 yaktaurs (D:15)
  An efreet (D:15)
  A komodo dragon (shapeshifter) (D:15)
  2 tengu conjurers (D:14)
  A queen bee (D:14)
  3 meliai (D:14)
  9 trolls
  A merfolk (D:15)
  4 polar bears
  A jumping spider (Lair:4)
  9 blink frogs
  6 hornets
  5 hippogriffs
  A meliai zombie (D:11)
  A snapping turtle (Lair:3)
  11 dream sheep
  2 slime creatures (D:15)
  2 centaur simulacra
  19 spriggans
  A shadow (D:14)
  2 redbacks (Lair:4)
  A wyvern (Lair:6)
  6 wraiths
  Sigmund (D:2)
  41 yaks
  2 fire elementals (D:13)
  2 basilisks
  2 hogs (D:14)
  6 vampire mosquitoes (D:13)
  4 hungry ghosts
  A human (D:14)
  13 water moccasins
  Duvessa (D:7)
  3 hell hounds (D:13)
  11 porcupines
  32 orc warriors
  5 sky beasts
  7 ice beasts
  4 boggarts (Lair:6)
  11 black bears
  An eye of draining (D:15)
  2 necrophages
  20 ogres
  2 phantoms
  13 centaurs
  57 wolves
  14 crocodiles
  A big kobold (D:13)
  20 bullfrogs
  A wyvern zombie (D:10)
  Dowan (D:7)
  6 scorpions
  2 wyvern skeletons
  16 killer bees
  7 wights
  5 electric eels (Lair:3)
  5 howler monkeys
  6 crimson imps
  5 centaur zombies
  A bullfrog zombie (D:7)
  6 jellies
  23 orc priests
  7 centaur skeletons
  10 hounds
  2 bullfrog skeletons
  A gnoll shaman (D:8)
  19 orc wizards
  2 iguanas
  12 worker ants
  Natasha (thrice) (D:2)
  Robin (D:1)
  A worker ant zombie (D:9)
  16 gnolls
  8 adders
  2 shadow imps
  2 adder skeletons
  6 worms
  5 dart slugs
  5 leopard geckos
  95 orcs
  4 giant cockroaches
  9 hobgoblins
  4 jackals (D:8)
  8 quokkas
  A ball python (D:3)
  A ball python skeleton (D:4)
  8 bats
  5 frilled lizards
  18 goblins
  A jackal zombie (D:5)
  12 kobolds
  11 rats
  A plant (Lair:1)
835 creatures vanquished.

Vanquished Creatures (others)
  A wizard (D:8)
  A centaur zombie (D:14)
  6 fungi
  6 plants
14 creatures vanquished.

Grand Total: 849 creatures vanquished

Notes
Turn   | Place    | Note
-------+----------+-------------------------------------------
     0 | D:1      | dududu the Vine Stalker Fighter began the quest for the
                  | Orb.
     0 | D:1      | Reached XP level 1. HP: 11/11 MP: 2/2
   237 | D:1      | Reached XP level 2. HP: 16/16 MP: 3/3
   718 | D:1      | Reached XP level 3. HP: 19/20 MP: 2/4
  1208 | D:2      | Noticed Sigmund
  1220 | D:2      | Killed Sigmund
  1220 | D:2      | Gained mutation: Your natural rate of healing is unusually
                  | fast. [Vine Stalker growth]
  1220 | D:2      | Reached XP level 4. HP: 18/24 MP: 5/5
  1220 | D:2      | Reached XP level 5. HP: 22/28 MP: 6/6
  1320 | D:2      | Noticed Natasha
  1334 | D:2      | Killed Natasha
  1374 | D:2      | Noticed Robin
  1641 | D:1      | Killed Robin
  1641 | D:1      | Reached XP level 6. HP: 28/33 MP: 7/7
  1804 | D:2      | Noticed Natasha
  1817 | D:2      | Killed Natasha
  2826 | D:3      | Found a bloodstained altar of Trog.
  3548 | D:4      | Found an iron altar of Okawaru.
  3701 | D:4      | Reached XP level 7. HP: 37/37 MP: 8/8
  3767 | D:4      | Found a burning altar of Makhleb.
  3902 | D:4      | Reached skill level 5 in Short Blades
  4033 | D:5      | Entered Level 5 of the Dungeon
  4207 | D:5      | Found a snail-covered altar of Cheibriados.
  4803 | D:6      | Gained mutation: You have razor-sharp teeth. [Vine Stalker
                  | growth]
  4803 | D:6      | Reached XP level 8. HP: 35/42 MP: 9/9
  5092 | D:6      | Found Kewamm's Armour Boutique.
  5098 | D:6      | Bought a +0 pair of gloves for 63 gold pieces
  5098 | D:6      | Bought a +1 pair of boots for 161 gold pieces
  5154 | D:6      | Reached skill level 5 in Fighting
  5154 | D:6      | Reached skill level 5 in Shields
  6064 | D:6      | Reached XP level 9. HP: 44/47 MP: 10/10
  6082 | D:7      | Noticed Duvessa
  6082 | D:7      | Noticed Dowan
  6112 | D:7      | Killed Duvessa
  6117 | D:7      | Killed Dowan
  6248 | D:7      | Found a staircase to the Ecumenical Temple.
  6257 | Temple   | Entered the Ecumenical Temple
  6322 | Temple   | Became a worshipper of Uskayaw the Reveler
  6357 | D:7      | Noticed a troll
  6359 | D:7      | Reached * piety under Uskayaw
  6364 | D:7      | Reached ** piety under Uskayaw
  6365 | D:7      | Killed a troll
  6367 | D:7      | Reached *** piety under Uskayaw
  6382 | D:7      | Reached **** piety under Uskayaw
  6524 | D:7      | Reached skill level 1 in Invocations
  6533 | D:7      | Reached skill level 1 in Stealth
  6835 | D:8      | Noticed a troll
  6845 | D:8      | Killed a troll
  6929 | D:8      | Found Kiaqumot's Food Shop.
  6970 | D:8      | Reached skill level 2 in Stealth
  6987 | D:8      | Reached ***** piety under Uskayaw
  6990 | D:8      | Reached skill level 5 in Armour
  6997 | D:8      | Reached XP level 10. HP: 33/53 MP: 13/13
  7143 | D:8      | Reached skill level 3 in Stealth
  7172 | D:8      | Found a bloodstained altar of Trog.
  7174 | D:8      | Noticed a wizard
  7180 | D:8      | Killed a wizard
  7652 | D:8      | Found a staircase to the Lair.
  7705 | D:9      | Noticed a two-headed ogre
  7737 | D:8      | Killed a two-headed ogre
  7737 | D:8      | Reached skill level 4 in Stealth
  7790 | D:9      | Noticed a red ugly thing
  7848 | D:8      | Reached skill level 5 in Invocations
  8291 | D:10     | Entered Level 10 of the Dungeon
  8491 | D:10     | You fall through a shaft for 3 floors!
  8788 | D:11     | Found a transporter.
  8856 | D:10     | Noticed an unseen horror
  8869 | D:10     | Killed an unseen horror
  8869 | D:10     | Reached skill level 5 in Stealth
  8869 | D:10     | Reached XP level 11. HP: 43/58 MP: 13/16
  9218 | D:10     | Noticed a tengu warrior
  9238 | D:10     | Killed a tengu warrior
  9295 | D:10     | Noticed a deep elf mage
  9302 | D:10     | Killed a deep elf mage
  9431 | D:10     | Noticed Erica
  9448 | D:10     | Killed Erica
  9632 | Lair:1   | Entered Level 1 of the Lair of Beasts
  9652 | Lair:1   | Reached skill level 6 in Stealth
  9930 | Lair:1   | Found a snail-covered altar of Cheibriados.
 10141 | Lair:1   | Identified the cursed +1 hunting sling of the Trees {flame,
                  | Str+7}
 10426 | Lair:1   | Gained mutation: You heal very quickly. [Vine Stalker
                  | growth]
 10426 | Lair:1   | Reached XP level 12. HP: 42/64 MP: 18/18
 10439 | Lair:1   | Reached ****** piety under Uskayaw
 10726 | Lair:1   | Reached skill level 7 in Stealth
 11686 | Lair:3   | Noticed Rupert
 11686 | Lair:3   | Paralysed by Rupert for 3 turns
 11709 | Lair:3   | Killed Rupert
 11709 | Lair:3   | Reached skill level 10 in Short Blades
 11748 | Lair:3   | Found a staircase to the Shoals.
 11871 | Lair:3   | Reached skill level 8 in Stealth
 12638 | Lair:4   | Reached XP level 13. HP: 60/69 MP: 16/21
 13267 | Lair:4   | Reached skill level 9 in Stealth
 13285 | Lair:4   | Found a hole to the Spider Nest.
 14609 | Lair:6   | Entered Level 6 of the Lair of Beasts
 14665 | Lair:6   | Reached skill level 10 in Invocations
 15505 | Lair:5   | Reached skill level 10 in Stealth
 16249 | Lair:6   | Found a staircase to the Slime Pits.
 16348 | Lair:6   | Reached XP level 14. HP: 55/75 MP: 17/22
 16620 | Lair:6   | Upgraded the game from 0.23-a0-767-gdc19b93d68 to
                  | 0.24-a0-3-g5a199981cb
 16678 | Lair:6   | Reached skill level 11 in Stealth
 16887 | Lair:6   | Reached skill level 10 in Shields
 16947 | Lair:6   | Reached skill level 10 in Fighting
 17553 | Lair:6   | Upgraded the game from 0.24-a0-3-g5a199981cb to
                  | 0.24-a0-7-g1bb0902669
 17708 | D:6      | Bought quicksilver dragon scales for 840 gold pieces
 17856 | D:11     | Found a snail-covered altar of Cheibriados.
 17951 | D:11     | Found Haqar's Magic Scroll Emporium.
 17961 | D:11     | Bought a scroll of blinking for 90 gold pieces
 17979 | D:11     | Found a transporter.
 18233 | D:11     | Found a staircase to the Orcish Mines.
 18720 | D:12     | Paralysed by a hornet for 1 turns
 19062 | D:12     | Found Fast's Antique Weapon Boutique.
 19741 | Orc:1    | Entered Level 1 of the Orcish Mines
 19780 | Orc:2    | Entered Level 2 of the Orcish Mines
 20144 | Orc:1    | Noticed an orc warlord
 20245 | Orc:1    | Killed an orc warlord
 20533 | Orc:1    | Reached skill level 12 in Stealth
 20637 | Orc:1    | Reached XP level 15. HP: 81/81 MP: 24/24
 20650 | Orc:1    | Found a roughly hewn altar of Beogh.
 20800 | Orc:2    | Found a roughly hewn altar of Beogh.
 20895 | Orc:2    | Found a staircase to the Elven Halls.
 21180 | Orc:2    | Found a roughly hewn altar of Beogh.
 21226 | Orc:2    | Found a roughly hewn altar of Beogh.
 21255 | Orc:2    | Found Wepsib's Gadget Shop.
 21351 | Orc:2    | Found a roughly hewn altar of Beogh.
 21511 | Orc:2    | Found Sixkiyget's Distillery.
 21516 | Orc:2    | Bought a potion of degeneration for 16 gold pieces
 21911 | Orc:2    | Found a roughly hewn altar of Beogh.
 22051 | Orc:2    | Noticed an orc warlord
 22057 | Orc:2    | Noticed Donald
 22178 | Orc:2    | Killed Donald
 22308 | Orc:2    | Found Assog's Antique Armour Shop.
 22310 | Orc:2    | Found a roughly hewn altar of Beogh.
 22314 | Orc:2    | Found Titila's Antique Weapon Boutique.
 22363 | Orc:2    | Bought a shimmering large shield for 266 gold pieces
 22460 | D:11     | Bought a scroll of identify for 24 gold pieces
 22460 | D:11     | Bought a scroll of acquirement for 624 gold pieces
 22460 | D:11     | Identified the +3 large shield of Defence {rElec rF+ Int+2}
                  | (You bought it in a shop on level 2 of the Orcish Mines)
 22674 | D:13     | Found an ancient bone altar of Kikubaaqudgha.
 22770 | D:13     | Noticed Azrael
 22782 | D:13     | Killed Azrael
 23405 | D:14     | Found a gate to the Vaults.
 23422 | D:14     | Reached skill level 10 in Armour
 23423 | D:14     | Reached skill level 13 in Stealth
 23503 | D:14     | Noticed Kirke
 23515 | D:14     | Killed Kirke
 23606 | D:14     | Noticed Josephine
 23626 | D:14     | Killed Josephine
 24071 | D:15     | Entered Level 15 of the Dungeon
 24123 | D:15     | Reached XP level 16. HP: 88/88 MP: 26/26
 24361 | D:15     | Found a runed translucent door.
 24397 | D:15     | Identified Xokkenun's Tome of Shifting Orientation
 24475 | D:15     | Noticed Edif's ghost (adept DrFE)
 24478 | D:15     | Found a runed translucent door.
 24758 | D:15     | Found a staircase to the Depths.
 24777 | D:15     | Reached skill level 14 in Stealth
 25328 | D:2      | Noticed Natasha
 25337 | D:2      | Killed Natasha
 25357 | D:$      | Got out of the dungeon alive.

Vault maps used:
D:1:      erik_arrival_blinker_ship
D:2:      uniq_robin, uniq_sigmund, uniq_natasha
D:3:      minmay_chambers_of_twos, old_standard_altar
D:4:      makhleb_blood_cavern_becter, kennysheep_okawaru_gauntlet, first_ration
D:5:      slow_altar_1
D:6:      serial_shops, nicolae_shop_trees
D:7:      minmay_temple_entry_mini_moons, uniq_duvessa
D:8:      grunt_lair_entry_orc_guard_hut, serial_shops, shop, the_bakery,
          trog_wizard
D:10:     kb_rosetta, uniq_erica
D:11:     gammafunk_jiyva_shrine, orc_0_dummy, serial_shops, shop,
          cheibriados_altar_1
D:12:     gauntlet_entry_generic, serial_shops, shop
D:13:     basic_altar, st_stairs_8, uniq_azrael
D:14:     lightli_vaults_fourway_checkpoint, minmay_holes, special_room,
          uniq_kirke, uniq_josephine
D:15:     hangedman_depths_entry_try_elsewhere_first, serial_bayou_pond_d,
          hellmonk_ghost_happy_afterlife, minmay_st_funbox
Temple:   regret_index_temple_mists
Lair:1:   basic_altar, wad_woods_02
Lair:2:   chequers_serial_rivers_marsh, lemuel_fruit_tree
Lair:3:   minmay_shoals_entry_hut, nicolae_quartered_pool_super, uniq_rupert
Lair:4:   spider_nest_entry_funnel_web, nicolae_lair_grove_arrangements
Lair:5:   forest_entry_grove
Lair:6:   minmay_lair_end_enchanted_forest, slime_dummy,
          grunt_forest_large_clearings
Orc:1:    minmay_orc_temple_c
Orc:2:    grunt_orc_community_town_hall, grunt_orc_community_big_house_2,
          grunt_orc_community_big_house_2, grunt_orc_community_house_1,
          grunt_orc_community_house_2, grunt_orc_community_house_3,
          grunt_orc_community_house_2, uniq_donald

Skill      XL: |  1  2  3  4  5  6  7  8  9 10 11 12 13 14 15 16 |
---------------+-------------------------------------------------+-----
Short Blades   | 2 3 4 5 7 8 9 10 | 10.1
Fighting       | 3 4 5 6 7 8 9 10 11 | 11.7
Shields        | 3 4 5 6 7 8 9 10 11 | 11.7
Armour         | 3 4 5 6 7 8 9 10 | 10.6
Invocations    | 2 5 7 9 10 11 12 | 12.7
Stealth        | 2 5 6 8 10 12 13 14 | 14.0

Action                   |  1- 3 |  4- 6 |  7- 9 | 10-12 | 13-15 | 16-18 || total
-------------------------+-------+-------+-------+-------+-------+-------++-------
Melee: Rapier            |    58 |   136 |       |    28 |       |       ||   222
       Bite              |    13 |    45 |   121 |   307 |   792 |    69 ||  1347
       Dagger            |       |    24 |   316 |   687 |  1888 |       ||  2915
       Quick blade       |       |       |       |       |   268 |   140 ||   408
 Fire: Hunting sling     |       |    92 |    41 |    61 |    95 |       ||   289
       Blowgun           |       |     3 |     3 |       |    12 |       ||    18
Invok: Grand Finale      |       |       |       |     2 |     2 |       ||     4
       Line Pass         |       |       |       |     1 |     1 |       ||     2
Evoke: Wand              |       |       |     2 |    16 |       |       ||    18
  Use: Potion            |     1 |       |       |     3 |     1 |       ||     5
       Scroll            |       |     9 |     2 |     9 |    10 |     1 ||    31
 Stab: Paralysed         |       |       |     7 |    23 |    91 |     9 ||   130
       Invisible         |       |       |       |     1 |     5 |       ||     6
       Sleeping          |       |       |       |     1 |    37 |     4 ||    42
       Petrifying        |       |       |       |       |     1 |       ||     1
       Petrified         |       |       |       |       |     1 |       ||     1
       Distracted        |       |       |       |       |     4 |     3 ||     7
  Eat: Chunk             |       |     9 |    17 |    15 |    41 |     3 ||    85
       Ration            |       |       |     1 |       |       |       ||     1
Armor: Scale mail        |    23 |    18 |       |       |       |       ||    41
       Chain mail        |       |    34 |    19 |    11 |   285 |       ||   349
       Plate armour      |       |       |    81 |   204 |       |       ||   285
       Quicksilver drago |       |       |       |       |   156 |    25 ||   181
Dodge: Dodged            |    20 |    33 |    26 |    62 |   248 |    13 ||   402
Block: Shield            |    30 |    78 |   106 |   216 |   630 |       ||  1060
       Large shield      |       |       |       |       |   124 |    84 ||   208

Table legend:
 A = Non-vault XP
 B = Vault XP
 C = Vault XP percentage of total XP
 D = Non-vault monster count
 E = Vault monster count
 F = Vault count percentage of total count
                 A         B        C        D         E       F
            +---------+---------+-------+---------+---------+-------
      Total |   91458 |   58822 |  39.1 |     554 |     279 |  33.5
            +---------+---------+-------+---------+---------+-------
        D:1 |      41 |      24 |  36.9 |      22 |       4 |  15.4
        D:2 |     134 |     257 |  65.7 |      20 |       9 |  31.0
        D:3 |      97 |      13 |  11.8 |      20 |       8 |  28.6
        D:4 |     179 |      42 |  19.0 |       9 |       3 |  25.0
        D:5 |     325 |       5 |   1.5 |       6 |       1 |  14.3
        D:6 |    1358 |       0 |   0.0 |      25 |       0 |   0.0
        D:7 |    1118 |     228 |  16.9 |      24 |       2 |   7.7
        D:8 |    2521 |     972 |  27.8 |      32 |       6 |  15.8
        D:9 |     545 |       0 |   0.0 |      10 |       0 |   0.0
       D:10 |    2393 |    2445 |  50.5 |      12 |       5 |  29.4
       D:11 |    3529 |       0 |   0.0 |      24 |       0 |   0.0
       D:12 |    5035 |       0 |   0.0 |      42 |       0 |   0.0
       D:13 |    8086 |    3138 |  28.0 |      42 |       7 |  14.3
       D:14 |    6880 |   13412 |  66.1 |      25 |      37 |  59.7
       D:15 |   14631 |    8177 |  35.9 |      33 |      13 |  28.3
     Lair:1 |    5504 |    1185 |  17.7 |      28 |       4 |  12.5
     Lair:2 |    3523 |       0 |   0.0 |      15 |       0 |   0.0
     Lair:3 |    3225 |    3239 |  50.1 |      24 |       2 |   7.7
     Lair:4 |    4556 |    1351 |  22.9 |      18 |       4 |  18.2
     Lair:5 |    7338 |    1804 |  19.7 |      28 |      12 |  30.0
     Lair:6 |   12505 |   11705 |  48.3 |      33 |      74 |  69.2
      Orc:1 |    5347 |    3712 |  41.0 |      37 |      24 |  39.3
      Orc:2 |    2588 |    7113 |  73.3 |      25 |      64 |  71.9
            +---------+---------+-------+---------+---------+-------
